 Dungeon Crawl Stone Soup version 0.31-a0-7-g51783674b7 (webtiles) character file.

Game seed: 6186296320970860833

97 Pimp the Ruffian (level 4, 0/36 HPs)
             Began as a Draconian Transmuter on May 5, 2023.
             Slain by an orc
             ... wielding a +0 trident
              (8 damage)
             ... on level 3 of the Dungeon.
             The game lasted 00:04:41 (2690 turns).

Pimp the Ruffian (Draconian Transmuter)             Turns: 2690, Time: 00:04:41

Health: 0/36       AC:  5    Str: 20    XL:     4   Next: 42%
Magic:  7/7        EV: 12    Int: 14    God:
Gold:   134        SH:  0    Dex: 11    Spells: 7/8 levels left

rFire   . . .        b - staff of cold
rCold   + . .        (no shield)
rNeg    . . .        (body armour unavailable)
rPois   .            (helmet currently unavailable)
rElec   .            (no cloak)
rCorr   .            (no gloves)
SInv    +            (boots currently unavailable)
Will    .....        (no amulet)
Stlth   +            j - ring of see invisible
HPRegen 0.26/turn    o - +6 ring of strength
MPRegen 0.10/turn

%: no passive effects
@: confused, appendages (expiring), ambrosia-drunk
A: horns 2, talons 2, AC +5, unfitting armour, cold-blooded
a: End Transformation


You were on level 3 of the Dungeon.
You had temporarily grown beastly horns and talons.
You visited 1 branch of the dungeon, and saw 3 of its levels.

You collected 134 gold pieces.

Inventory:

Magical Staves
 b - a staff of cold (weapon)
Jewellery
 j - a ring of see invisible (left hand)
 l - a ring of flight
 n - a ring of willpower
 o - a +6 ring of strength (right hand)
Scrolls
 d - a scroll of fog {unknown}
 h - a scroll of vulnerability {unknown}
 i - a scroll of identify {unknown}
Potions
 a - a potion of lignification
 e - a potion of attraction {unknown}
 f - a potion of berserk rage {unknown}
 g - 4 potions of curing {unknown}
 k - a potion of degeneration {unknown}
 m - a potion of flight {unknown}


   Skills:
 + Level 2.2 Fighting
 + Level 2.4 Dodging
 + Level 3.4 Unarmed Combat
 + Level 2.6 Spellcasting
 + Level 2.6 Transmutations
 + Level 0.6 Ice Magic


You had 7 spell levels left.
You knew the following spells:

 Your Spells              Type           Power      Damage    Failure   Level
a - Beastly Appendage     Tmut           18%        N/A       8%          1

Your spell library contained the following spells:

 Spells                   Type           Power      Damage    Failure   Level
 Wereblood                Tmut           9%         N/A       12%         2
 Apportation              Tloc           2%         N/A       22%         1
 Magic Dart               Conj           4%         1d3       22%         1
 Necrotise                Necr           4%         1d4       22%         1
 Summon Small Mammal      Summ           4%         N/A       22%         1
 Call Imp                 Summ           2%         N/A       34%         2
 Spider Form              Tmut/Pois      5%         N/A       36%         3
 Mephitic Cloud           Conj/Pois/Air  1%         N/A       56%         3
 Ice Form                 Ice/Tmut       9%         N/A       75%         4


Dungeon Overview and Level Annotations

Branches:
Dungeon (3/15)

Altars:
Uskayaw


Innate Abilities, Weirdness & Mutations

You have temporarily grown beastly horns and talons.
Your plain brown scales are hard. (AC +5)
You cannot fit into any form of body armour.
You are cold-blooded and may be slowed by cold attacks.


Message History

Confirm with . or Enter, or press ? or * to list all spells.
You grow a pair of large bovine horns.
Your feet morph into talons.
The ball python hisses angrily.
A jackal comes into view.
The orc hits you from afar with a +0 trident.
The jackal barks!
The orc misses you.
You barely miss the orc. You claw the orc.
Your tail-slap misses the orc.
The orc is heavily wounded.
The orc barely misses you.
You hit the orc but do no damage.
The orc is heavily wounded.
The orc misses you. The ball python bites you.
The ball python closely misses you. The orc attacks as you move away!
The orc closely misses you.
The orc hits you from afar with a +0 trident.
You hit the ball python. You claw the ball python.
You kill the ball python!
The orc hits you from afar with a +0 trident.
You closely miss the orc.
Your transformation is almost over.
The orc misses you. The orc hits you with a +0 mace.
You closely miss the orc. Your kick misses the orc.
Your headbutt misses the orc. The orc misses you. The orc barely misses you.
The orc hits you from afar with a +0 trident.
The orc hits you with a +0 mace.
* * * LOW HITPOINT WARNING * * *
You hit the orc. You claw the orc.
You kill the orc!
The orc misses you.
You barely miss the jackal. The jackal closely misses you.
The jackal bites you but does no damage.
The orc hits you from afar with a +0 trident.
* * * LOW HITPOINT WARNING * * *
Okay, then.
You are confused.
You feel invigorated.
The jackal bites you but does no damage.
The orc hits you from afar with a +0 trident!
You die...

#...........#
#...##.#........##
..#..#.....8.....#
.....##........#.####
..(...#.............#
. ....##........###.#
!8. ...#..#...### #
.....#.##...###
......oh@.###
......##### #...# ..#
#


You could see an orc and a jackal.

Vanquished Creatures
  3 adders
  3 dart slugs
  An orc (D:3)
  7 ball pythons
  8 bats
  7 endoplasms
  3 giant cockroaches
  4 goblins (D:2)
  3 hobgoblins
  8 jackals
  A quokka (D:1)
  2 frilled lizards
  5 kobolds
  2 rats (D:2)
57 creatures vanquished.

Notes
Turn   | Place    | Note
-------+----------+-------------------------------------------
     0 | D:1      | Pimp the Draconian Transmuter began the quest for the Orb.
     0 | D:1      | Reached XP level 1. HP: 16/16 MP: 3/3
   129 | D:1      | Reached XP level 2. HP: 18/23 MP: 5/5
   585 | D:1      | Reached XP level 3. HP: 26/29 MP: 6/6
   831 | D:1      | Found a faded altar of an unknown god.
  1764 | D:2      | Found a hide-covered altar of Uskayaw.
  1987 | D:2      | Reached XP level 4. HP: 8/36 MP: 7/7
  2690 | D:3      | Slain by an orc

Illustrated notes

Levels and vault maps discovered:
D:1:      dpeg_arrival_arbitrary_a, layout_basic,
          shapermc_ecumenical_altar_mp_vishouse
D:2:      layout_basic, basic_altar, minmay_ruptured
D:3:      minmay_skewed_foursquare, layout_basic, uniq_grinder

Skill      XL: |  1  2  3 |
---------------+----------+-----
Dodging        | 2 |  2.4
Fighting       | 2 |  2.2
Unarmed Combat | |  3.4
Spellcasting   | |  2.6
Transmutations | |  2.6
Ice Magic      | |  0.6

Action                     |  1- 3 |  4- 6 || total
---------------------------+-------+-------++-------
  Melee: Staff             |   199 |    43 ||   242
         Tailslap          |    34 |     3 ||    37
         Punch             |     1 |       ||     1
         Kick              |     3 |     6 ||     9
         Headbutt          |     1 |     4 ||     5
   Cast: Beastly Appendage |     7 |     3 ||    10
    Use: Potion            |       |     2 ||     2
   Stab: Sleeping          |     1 |       ||     1
 Armour: Skin              |   100 |    19 ||   119
  Dodge: Dodged            |   185 |    33 ||   218

Table legend: (Time is in decaauts)
 A = Elapsed time spent in this place.
 B = Non-inter-level travel time spent in this place.
 C = Inter-level travel time spent in this place.
 D = Time resting spent in this place.
 E = Time spent auto-exploring this place.
 F = Levels seen in this place.
 G = Mean time per level.
                   A        B        C        D        E       F      G
               +--------+--------+--------+--------+--------+-----+--------+
         Total |   2735 |   2682 |     53 |    161 |   1900 |   3 |  911.7 |
       Dungeon |   2735 |   2682 |     53 |    161 |   1900 |   3 |  911.7 |
               +--------+--------+--------+--------+--------+-----+--------+

Top non-repeatable levels by time:
     D:1: 1311 daAuts
     D:2: 1294 daAuts
     D:3: 129 daAuts
